 Dungeon Crawl Stone Soup version 0.27-a0-906-g0a00ce863d (webtiles) character file.

Game seed: 6270341252760132335

67 jestyr24 the Magician (level 4, -1/31 HPs)
             Began as a Djinni Fire Elementalist on Apr 7, 2021.
             Slain by a gnoll
             ... wielding a +0 flail
              (10 damage)
             ... on level 2 of the Dungeon.
             The game lasted 00:06:33 (1658 turns).

jestyr24 the Magician (Djinni Fire Elementalist)    Turns: 1658, Time: 00:06:34

Health: -1/31      AC:  2    Str:  7    XL:     4   Next: 16%
Gold:   78         EV: 12    Int: 18    God:
                   SH:  0    Dex: 13

rFire    + + +     SeeInvis .   g - +0 long sword
rCold    x x .     Faith    .   (no shield)
rNeg     . . .     Spirit   .   a - +0 robe
rPois    ∞         Reflect  .   (no helmet)
rElec    .         Harm     .   (no cloak)
rCorr    .         Rampage  .   (no gloves)
Will     .....                  (boots unavailable)
Stlth    ++........             (no amulet)
HPRegen  0.10/turn              b - ring of fire
MPRegen  0.00/turn              (no ring)

@: flying
A: fire resistance 2, cold vulnerability 1, float, innate caster, hp casting,
extra vitality 1
a: no special abilities


You were on level 2 of the Dungeon.
You visited 1 branch of the dungeon, and saw 2 of its levels.

You collected 78 gold pieces.

Inventory:

Hand Weapons
 g - a +0 long sword (weapon)
Missiles
 e - a throwing net
 f - 2 boomerangs
Armour
 a - a +0 robe (worn)
Jewellery
 b - a ring of fire (left hand)
Scrolls
 d - a scroll of fear {unknown}
 h - a scroll of vulnerability {unknown}
 i - a scroll of brand weapon {unknown}
Potions
 c - 2 potions of mutation {unknown}


   Skills:
 + Level 0.2 Fighting
 + Level 2.7 Dodging
 + Level 2.0 Stealth
 + Level 3.8 Spellcasting


You couldn't memorise any spells.
You knew the following spells:

 Your Spells              Type           Power      Damage    Failure   Level
a - Foxfire               Conj/Fire      100%       2x1d9     3%          1
b - Conjure Flame         Conj/Fire      25%        6-21      10%         3
c - Inner Flame           Hex/Fire       25%        N/A       10%         3
d - Sticky Flame          Conj/Fire      25%        2d5       30%         4
e - Fireball              Conj/Fire      12%        3d7       65%         5
f - Freeze                Ice            68%        1d8       3%          1
Your spell library was empty.

Dungeon Overview and Level Annotations

Branches:
Dungeon (2/15)

Altars:
Hepliaklqana


Innate Abilities, Weirdness & Mutations

You are immune to poison.
Your flesh is very heat resistant. (rF++)
You are vulnerable to cold. (rC-)
You float through the air rather than walking.
You learn spells naturally, not from books.
Your magical power is your life essence.
You have superior vitality. (+4 HP)


Message History

The foxfire hits the jackal.
The jackal is heavily wounded.
You feel a surge of power!
You conjure some foxfire!
The jackal completely misses you.
You slash the jackal!
You kill the jackal!
The foxfire hits the gnoll.
The gnoll is moderately wounded.
The foxfire hits the gnoll!
The gnoll is almost dead.
You feel a surge of power!
You conjure some foxfire!
The foxfire hits the gnoll.
You kill the gnoll!
The foxfire hits the gnoll!
The gnoll is severely wounded.
You have reached level 4!
You feel clever.
You feel a surge of power!
You conjure some foxfire!
The gnoll closely misses you.
The foxfire hits the gnoll.
The gnoll is severely wounded.
The foxfire hits the gnoll.
The gnoll is almost dead.
The gnoll hits you from afar with a +0 spear!
Casting: Foxfire (safe; 3% risk of failure)
Confirm with . or Enter, or press ? or * to list all spells.
The spell is quite dangerous to cast (10% risk of failure)!
Continue anyway?
Okay, then.
Casting: Conjure Flame (quite dangerous; 10% risk of failure)
Confirm with . or Enter, or press ? or * to list all spells.
You feel a surge of power!
You conjure some foxfire!
The gnoll hits you from afar with a +0 spear.
* * * LOW HITPOINT WARNING * * *
The foxfire hits the gnoll.
You kill the gnoll!
The foxfire hits the gnoll but does no damage.
You hit the gnoll.
The gnoll is lightly wounded.
The gnoll hits you with a +0 flail!
You die...

.# #..............# #.
#.. .#
#....########### #.
#.. .# #..........# #.
#.. .# #..........#
#.. .###..........# #
### .##...........# .#
#
.##...:.......######.#
.##.......#### #.....#
.##.......######@g)..#
....).....'....§§....#
####......########+#†#
#......# ... #......#
.... ###.....# .....
#.....# ..#g #.....#
..# #.....#


You could see a gnoll.

Vanquished Creatures
  2 gnolls (D:2)
  A worm (D:2)
  2 dart slugs
  4 bats
  3 endoplasms (D:1)
  2 giant cockroaches (D:1)
  5 goblins
  8 hobgoblins
  2 jackals (D:2)
  A quokka (D:2)
  3 ball pythons
  2 kobolds
  2 rats (D:1)
37 creatures vanquished.

Vanquished Creatures (others)
  76 foxfires
76 creatures vanquished.

Grand Total: 113 creatures vanquished

Notes
Turn   | Place    | Note
-------+----------+-------------------------------------------
     0 | D:1      | jestyr24 the Djinni Fire Elementalist began the quest for
                  | the Orb.
     0 | D:1      | Reached XP level 1. HP: 15/15 MP: 0/0
   106 | D:1      | Reached skill level 3 in Spellcasting
   106 | D:1      | Reached XP level 2. HP: 18/21 MP: 0/0
   928 | D:1      | Reached XP level 3. HP: 25/25 MP: 0/0
   928 | D:1      | Learned a level 1 spell: Freeze
  1326 | D:2      | Found a hazy altar of Hepliaklqana.
  1654 | D:2      | Reached XP level 4. HP: 26/31 MP: 0/0
  1658 | D:2      | Slain by a gnoll

Illustrated notes

Levels and vault maps discovered:
D:1:      matt_arrival_refuge, layout_basic
D:2:      layout_basic, basic_altar

Skill      XL: |  1  2  3 |
---------------+----------+-----
Spellcasting   | 3 |  3.8
Stealth        | 2 |  2.0
Fighting       | |  0.2
Dodging        | |  2.7

Action                   |  1- 3 |  4- 6 || total
-------------------------+-------+-------++-------
Melee: Unarmed           |     3 |       ||     3
       Long sword        |     2 |     1 ||     3
 Cast: Foxfire           |    47 |     2 ||    49
Armor: Robe              |     4 |       ||     4
Dodge: Dodged            |     8 |     1 ||     9

Table legend: (Time is in decaauts)
 A = Elapsed time spent in this place.
 B = Non-inter-level travel time spent in this place.
 C = Inter-level travel time spent in this place.
 D = Time resting spent in this place.
 E = Time spent auto-exploring this place.
 F = Levels seen in this place.
 G = Mean time per level.
                   A        B        C        D        E       F      G
               +--------+--------+--------+--------+--------+-----+--------+
         Total |   1657 |   1615 |     42 |    228 |   1123 |   2 |  828.5 |
       Dungeon |   1657 |   1615 |     42 |    228 |   1123 |   2 |  828.5 |
               +--------+--------+--------+--------+--------+-----+--------+

Top non-repeatable levels by time:
     D:1: 1266 daAuts
     D:2: 391 daAuts
